[Event "*** Titled Tuesday 3|2 Blitz"]
[Site "Chess.com"]
[Date "2015.11.03"]
[Round "5"]
[White "amaidel"]
[Black "E-Shaposhnikov"]
[Result "1/2-1/2"]
[WhiteElo "2358"]
[BlackElo "2555"]
[TimeControl "180+2"]
[EndTime "12:01:06 PST"]
[Termination "Game drawn by repetition"]

1. d4 Nf6 2. Bg5 Ne4 3. Bf4 d5 4. Nd2 Bf5 5. e3 Nxd2 6. Qxd2 e6 7. c3 c5 8. Nf3 Nc6 9. Be2 Bd6 10. Bxd6 Qxd6 11.
O-O O-O 12. h3 h6 13. Rfd1 c4 14. b3 b5 15. a4 Na5 16. bxc4 bxc4 17. Qa2 Rfb8 18.
Nd2 Rb6 19. e4 Bg6 20. Rab1 Rab8 21. Rxb6 Rxb6 22. Bf3 Nb3 23. exd5 exd5 24. Nf1 f6 25. Ne3 Bf7 26. Re1 g6 27. Ng4 Kg7 28. Qe2 h5 29. Ne3 Qd7 30. g4 h4 31. Bg2 Re6 32. f4 Re8 33.
Qf2 Qxa4 34. Qxh4 Qa5 35. g5 f5 36. Nxf5+ gxf5 37. Qh6+ Kg8 38. Rxe8+ Bxe8 39. g6 Bxg6 40. Qxg6+ Kh8 41. Qh6+ Kg8 42. Qg6+ Kh8 43. Qf6+ Kg8 44.
Qe6+ Kg7 45. Qe5+ Kg6 46. Qe6+ Kg7 47. Qe5+ Kg6 48. Qe6+ Kg7 49. Qe5+ Kg6 50. Qe6+ Kg7 1/2-1/2

[Event "*** Titled Tuesday 3|2 Blitz"]
[Site "Chess.com"]
[Date "2015.11.03"]
[Round "5"]
[White "jcibarra"]
[Black "Matibar"]
[Result "1/2-1/2"]
[WhiteElo "2531"]
[BlackElo "2364"]
[TimeControl "180+2"]
[EndTime "12:01:14 PST"]
[Termination "Game drawn - insufficient material"]

1. e4 e5 2. Nf3 Nc6 3. Bb5 a6 4. Bxc6 dxc6 5. O-O Qf6 6. d4 exd4 7. Bg5 Qd6 8. Nxd4 Be7 9. Bxe7 Nxe7 10. Nc3 Bd7 11. Nb3 O-O-O 12. Qe2 Kb8 13. Rad1 Qg6 14. Rd3 Bg4 15.
Qe3 Rhe8 16. h3 Bc8 17. Rfd1 Rxd3 18. Rxd3 b6 19. Qd2 c5 20. Rd8 f6 21. Rxe8 Qxe8 22. f3 Be6 23. Nc1 Kc8 24. N1e2 Qd7 25. Qxd7+ Kxd7 26. Kf2 Kd6 27. f4 b5 28. a3 b4 29.
Nd1 a5 30. h4 c4 31. axb4 axb4 32. c3 Kc5 33. Nd4 Bd7 34. Ne3 b3 35. h5 h6 36. Kf3 Nc8 37. e5 fxe5 38. fxe5 Nb6 39. e6 Be8 40. g4 Na4 41. Nd1 g6 42. hxg6 Bxg6 43. e7 Kd6 44. e8=Q Bxe8 45. Nf5+ Ke5 46. Nxh6 Bg6 47. Nf5 Bxf5 48. gxf5 Kxf5 49. Ne3+ Ke5 50. Nxc4+ Kd5 51. Nd2 Nxb2 52. Ke2 Na4 53. Nxb3 Nxc3+ 54. Kd3 Nb5 55. Nd2 c5 56. Kc2 c4 57. Nxc4 Kxc4 1/2-1/2

[Event "*** Titled Tuesday 3|2 Blitz"]
[Site "Chess.com"]
[Date "2015.11.03"]
[Round "5"]
[White "Lupul_Cenusiu"]
[Black "StoreySniper"]
[Result "1-0"]
[WhiteElo "2407"]
[BlackElo "2167"]
[TimeControl "180+2"]
[EndTime "12:01:35 PST"]
[Termination "Lupul_Cenusiu won on time"]

1. d4 g6 2. e4 Bg7 3. Nc3 c5 4. d5 d6 5. Be3 Qa5 6. Qd2 a6 7. Nf3 b5 8. a3 Nd7 9. Bd3 b4 10. Nd1 Qa4 11. O-O bxa3 12. Rxa3 Qb4 13. c3 Qb6 14. h3 Ngf6 15. Bh6 O-O 16. Bxg7 Kxg7 17. Ne3 Qc7 18. Rfa1 Nb8 19. Nc4 Nfd7 20. Qg5 f6 21. Qe3 Ne5 22. Ncxe5 fxe5 23. Nd2 Bd7 24. Bxa6 Nxa6 25.
Rxa6 Rxa6 26. Rxa6 Qb7 27. Ra2 Ra8 28. Rxa8 Qxa8 29.
Qd3 Qa1+ 30. Qb1 Qa6 31. c4 Qa5 32. Qc1 Ba4 33. b3 Bd7 34. Qb2 h5 35. h4 Bg4 36.
f4 Qc7 37. Nf1 Kh7 38. fxe5 dxe5 39. Qf2 Kg7 40. Nh2 Bd1 41. Qg3 Qb8 42. Nf3 Bxb3 43. Nxe5 Qd6 44. Qg5 Bc2 45. Qf4 Qf6 46. Qxf6+ exf6 47. Nd7 Bxe4 48. Nxc5 Bc2 49. Kf2 Kf7 50. Ke3 Ke7 51.
Kd4 Kd6 52. Nb7+ Kc7 53. Nc5 Kd6 54. Ne6 Bf5 55. c5+ Ke7 56. Nf4 Bg4 57. d6+ Kd7 58.
Kd5 g5 59. c6+ Kc8 60. Ne6 1-0

[Event "*** Titled Tuesday 3|2 Blitz"]
[Site "Chess.com"]
[Date "2015.11.03"]
[Round "5"]
[White "stefanodinn"]
[Black "Makalexa"]
[Result "1-0"]
[WhiteElo "2146"]
[BlackElo "2068"]
[TimeControl "180+2"]
[EndTime "12:01:48 PST"]
[Termination "stefanodinn won by resignation"]

1. e4 e5 2. Nf3 Nc6 3. Bb5 Nd4 4. Nxd4 exd4 5. O-O Bc5 6. d3 c6 7. Bc4 d5 8. exd5 cxd5 9. Bb3 Be6 10. Nd2 Qh4 11.
Nf3 Qg4 12. Ba4+ Kf8 13. b4 Bb6 14. Bb2 Ne7 15. Nxd4 Qg6 16. Nxe6+ fxe6 17. Qf3+ Qf5 18. Qxf5+ Nxf5 19. Rfe1 Ke7 20. c4 dxc4 21. dxc4 Rad8 22. c5 Bc7 23. Bb3 Nd4 24. Bxd4 Rxd4 25. a3 e5 26. g3 Rd2 27. Kf1 Rf8 28. Re2 Rd3 29. Bc2 Rd4 30.
Bxh7 Rh8 31. Be4 Rxh2 32. Bxb7 Kf6 33. Bg2 Kf5 34. Kg1 Rh8 35. Rae1 Rc4 36. Be4+ Kf6 37.
Kg2 a5 38. Rb1 axb4 39. axb4 Rb8 40. c6 Rbxb4 41. Rxb4 Rxb4 42. f3 Ke7 43. Rd2 Rd4 44. Rb2 Kd6 45. Kh3 Rd1 46. Kg4 Rg1 47. Rd2+ Kc5 48.
Rd7 Kb6 49. Rxg7 Rd1 50. Re7 Rd8 51. Rg7 Rg8 52. Rxg8 Kc5 53. Rg7 1-0

[Event "*** Titled Tuesday 3|2 Blitz"]
[Site "Chess.com"]
[Date "2015.11.03"]
[Round "5"]
[White "Fandorine"]
[Black "yurisolo"]
[Result "1-0"]
[WhiteElo "2557"]
[BlackElo "2482"]
[TimeControl "180+2"]
[EndTime "12:02:07 PST"]
[Termination "Fandorine won by resignation"]

1. e4 c5 2. b3 Nf6 3. e5 Nd5 4. Bb2 Nc6 5. Nf3 g6 6. Bc4 Nb6 7. e6 f6 8. exd7+ Qxd7 9. Bb5 Qe6+ 10. Be2 Bg7 11. O-O O-O 12. Re1 Qf7 13. a4 e5 14. Nc3 Be6 15. Ne4 Nd7 16. a5 h6 17.
Nd6 Qe7 18. Nxb7 a6 19. Nh4 Kh7 20. g3 Ra7 21. Bf3 Rc8 22. Qe2 f5 23. Bg2 e4 24.
Bxg7 Kxg7 25. d3 Nd4 26. Qd1 Bd5 27. c3 Bxb3 28. Qb1 Bd5 29. cxd4 Rxb7 30. Qd1 Nf6 31. dxc5 Rxc5 32. dxe4 fxe4 33. Qd4 Rd7 34. Qb4 Rc4 35. Qb2 Kf7 36. Bf1 Rc6 37. Ng2 Rdc7 38. Ne3 Be6 39. Bg2 g5 40. Red1 Kg6 41. Qb8 Rc8 42. Qe5 Rc5 43.
Qd4 Bf7 44. h3 R8c6 45. g4 Qe5 46. Qd2 Nd5 47. Nxd5 Rxd5 48. Qe2 Rcd6 49. Qxe4+ Kf6 50.
Qxe5+ Kxe5 51. Bxd5 Bxd5 52. Ra3 Rc6 53. Re3+ Kd6 54.
Red3 Rc5 55. f4 gxf4 56. h4 Rxa5 57. g5 hxg5 58. h5 Ke5 59. Rxd5+ Rxd5 60. Rxd5+ Kxd5 61.
h6 g4 62. h7 Ke4 63. h8=Q g3 64. Kg2 1-0

[Event "*** Titled Tuesday 3|2 Blitz"]
[Site "Chess.com"]
[Date "2015.11.03"]
[Round "5"]
[White "ChadaevNikolay"]
[Black "JammyDodger91"]
[Result "1-0"]
[WhiteElo "2572"]
[BlackElo "2233"]
[TimeControl "180+2"]
[EndTime "12:02:12 PST"]
[Termination "ChadaevNikolay won by resignation"]

1. Nf3 Nf6 2. c4 e6 3. g3 c5 4.
Bg2 d5 5. O-O Nc6 6. cxd5 exd5 7. d4 Be7 8. dxc5 Bxc5 9. a3 Be7 10. b4 Ne4 11. Bb2 Bf6 12. Bxf6 Qxf6 13. Nbd2 Nc3 14. Qe1 O-O 15. Nb3 d4 16. b5 Be6 17.
bxc6 Bxb3 18. cxb7 Rad8 19. Qd2 Bc4 20. Rfe1 Rfe8 21. Bf1 Ba6 22. b8=Q Rxb8 23. Qxd4 Nxe2+ 24. Bxe2 Bxe2 25. Qxf6 gxf6 26. Nd4 Bd3 27. Rxe8+ Rxe8 28. Rd1 Bg6 29. Nb5 Bh5 30. Rc1 a5 31. Kg2 Rb8 32.
Nd4 Rd8 33. Nf5 Bg6 34. Rc5 a4 35. Ne7+ Kg7 36. Nxg6 hxg6 37. Rc4 Ra8 38. g4 Ra5 39. Kg3 Ra7 40. h4 Ra5 41. Kf4 f5 42. g5 Kf8 43. Ke3 Ke7 44. Kd4 Ke6 45. f4 Rd5+ 46. Kc3 Rd1 47. Rxa4 Rh1 48. Rc4 Kd5 49. Rd4+ Kc5 50.
Rd7 Rxh4 51. Rxf7 Rxf4 52. Rf6 Rf3+ 53. Kb2 Kc4 54. Rc6+ Kd4 55. Rxg6 Rg3 56. a4 f4 57.
a5 f3 58. a6 f2 59. Rf6 Rxg5 60. Rxf2 Ra5 61. Rf6 Kc5 62. Rf5+ Kb6 63. Rxa5 1-0

[Event "*** Titled Tuesday 3|2 Blitz"]
[Site "Chess.com"]
[Date "2015.11.03"]
[Round "5"]
[White "VovAn1991"]
[Black "AlexanderL"]
[Result "0-1"]
[WhiteElo "2478"]
[BlackElo "2557"]
[TimeControl "180+2"]
[EndTime "12:02:59 PST"]
[Termination "AlexanderL won on time"]

1. e4 e6 2. d4 d5 3. Nd2 c5 4.
exd5 Qxd5 5. dxc5 Bxc5 6. Ngf3 Nf6 7. Bc4 Qc6 8. O-O O-O 9. a3 Be7 10. Qe2 b6 11. Ne5 Qc7 12. Ndf3 Nc6 13. Bf4 Bd6 14. Bb5 Nxe5 15. Bxe5 Bxe5 16. Qxe5 Qxe5 17. Nxe5 Bb7 18. Rfd1 Rfd8 19. Bc6 Bxc6 20. Nxc6 Rxd1+ 21. Rxd1 Kf8 22. c4 Rc8 23. Ne5 Ke7 24. f3 Rc7 25. Kf2 Ne8 26. b3 Nd6 27. Ke2 a5 28. Rc1 a4 29. b4 f6 30. c5 bxc5 31. bxc5 Nb5 32. Nd3 Nxa3 33.
Ra1 Nb5 34. Kd2 a3 35. Kc2 Ra7 36. Kb3 Kd7 37. Kc4 Nc7 38. Kb3 Kc6 39. Rxa3 Rxa3+ 40. Kxa3 Kb5 41. Kb3 Na6 42. Kc3 Nxc5 43. Nf4 g6 44. Ne2 e5 45. g3 Ne6 46. Kd3 Kc5 47. Nc3 f5 48. Ke3 Nc7 49. Kd3 Nd5 50. Ne2 Nb4+ 51. Ke3 Kc4 52. Ng1 Nd5+ 53. Kf2 Nc3 54. Ke3 Nd5+ 55.
Kd2 e4 56. fxe4 fxe4 57. Nh3 h6 58. Ke2 Kd4 59. Nf2 Nc3+ 60. Ke1 e3 61. Ng4 h5 62. Nf6 Kd3 63. Nd7 Ke4 64. h4 Kf5 65. Nf8 Kg4 66. Nxg6 Kxg3 67. Kf1 Nd5 68. Ke1 Nf4 0-1

[Event "*** Titled Tuesday 3|2 Blitz"]
[Site "Chess.com"]
[Date "2015.11.03"]
[Round "5"]
[White "saraswathii"]
[Black "DeviatkinAndrey"]
[Result "0-1"]
[WhiteElo "1923"]
[BlackElo "2476"]
[TimeControl "180+2"]
[EndTime "12:03:20 PST"]
[Termination "DeviatkinAndrey won by resignation"]

1. e4 a5 2. d3 a4 3. a3 d5 4. Nd2 c6 5. Ngf3 Bg4 6. h3 Bh5 7. g3 e6 8. Bg2 Nd7 9. O-O Bd6 10.
Re1 Ne7 11. c3 O-O 12. d4 h6 13. e5 Bc7 14. Nf1 c5 15. g4 Bg6 16. Ng3 b5 17. g5 hxg5 18. Nxg5 cxd4 19. cxd4 Re8 20. Qg4 Nf8 21.
h4 Bf5 22. Qh5 Bg6 23. Qf3 Nh7 24. h5 Bf5 25. h6 g6 26. Nxh7 Kxh7 27. Bg5 Qd7 28. Qf4 Ng8 29. Nxf5 exf5 30. Rac1 Bd8 31. Rc5 Bxg5 32. Qxg5 Qe7 33. Qf4 Nxh6 34. Rxd5 Rad8 35.
Rc5 Kg7 36. d5 Ng4 37. Rxb5 Nxe5 38. Kf1 Qd6 39. Qd4 f6 40. Rb7+ Rd7 41. Rxd7+ Qxd7 42. f4 Nf7 43. Rxe8 Qxe8 44. Kf2 Nd6 45. Bf3 Qe7 46.
Qb4 Qd7 47. Qc5 g5 48. fxg5 fxg5 49. Qd4+ Kh7 50. Bh5 Ne4+ 51. Ke3 Qd6 52. Bf3 Qf4+ 53.
Ke2 Ng3+ 54. Kd3 Qxf3+ 55. Kc4 Qb3+ 56. Kc5 Ne4+ 57. Kc6 Qb8 58. Kd7 Qd6+ 59. Kc8 Nf6 60. Qa7+ Kg6 61. Qxa4 g4 62. Qc6 Qxd5 63. Qxd5 Nxd5 0-1

[Event "*** Titled Tuesday 3|2 Blitz"]
[Site "Chess.com"]
[Date "2015.11.03"]
[Round "5"]
[White "Dlugy"]
[Black "Boryboy"]
[Result "1/2-1/2"]
[WhiteElo "2561"]
[BlackElo "2469"]
[TimeControl "180+2"]
[EndTime "12:03:23 PST"]
[Termination "Game drawn by stalemate"]

1. d4 e6 2. Bf4 d5 3. e3 Nf6 4. c4 Nbd7 5. Nc3 a6 6. Rc1 dxc4 7. Bxc4 b5 8. Be2 Bb7 9. Bf3 Bxf3 10. Qxf3 Bd6 11.
Nge2 O-O 12. O-O Nb6 13. Qc6 Qd7 14. Qxd7 Nbxd7 15. a3 Rfc8 16. b4 Nb6 17. Rc2 Nc4 18.
Ra1 Be7 19. Nc1 c6 20. Nb3 a5 21.
bxa5 Nxa5 22. Nd2 Nd5 23. Bg3 Nb6 24. Kf1 Nac4 25. Nxc4 Nxc4 26. a4 Bb4 27. Ke2 Nb6 28. Rac1 bxa4 29. Na2 Bf8 30. Rxc6 Rxc6 31. Rxc6 Nd5 32.
Bd6 Bxd6 33. Rxd6 Rb8 34. Ra6 Rb2+ 35. Kf3 f5 36. Rxa4 Nf6 37. Nb4 Ng4 38. Nd3 Rd2 39.
Ra8+ Kf7 40. Ne5+ Nxe5+ 41. dxe5 Rd7 42. h4 g6 43. Kf4 h6 44. g4 Rb7 45. gxf5 gxf5 46.
Ra4 Kg6 47. f3 Rc7 48. e4 Rf7 49. exf5+ Rxf5+ 50. Ke4 Rh5 51. Ra6 Rxh4+ 52. f4 Kf7 53. Ra7+ Kf8 54. Rh7 Rh1 55. Kd4 Rd1+ 56. Kc5 Rf1 57.
Kd6 Rxf4 58. Kxe6 Rh4 59. Kf6 Kg8 60. Rg7+ Kf8 61. Ra7 Rf4+ 62. Ke6 h5 63. Rh7 h4 64. Kd6 Rd4+ 65. Kc5 Rg4 66. Kd5 Rg6 67. Rxh4 Ke8 68. Rf4 Rh6 69. Ra4 Rg6 70. Ra7 Rh6 71. Rc7 Rg6 72.
Rc8+ Kd7 73. Rf8 Ke7 74. Rf4 Ke8 75. Ke4 Rh6 76. Kf5 Ra6 77. Rh4 Rb6 78. Rh7 Ra6 79. Rh8+ Ke7 80. Rb8 Rc6 81. Rb7+ Ke8 82. Ke4 Ra6 83.
Kd5 Rh6 84. e6 Rh1 85. Rb8+ Ke7 86. Rb7+ Ke8 87. Rb4 Rd1+ 88. Ke5 Re1+ 89. Re4 Rxe4+ 90. Kxe4 Ke7 91. Ke5 Ke8 92. Kf6 Kf8 93. e7+ Ke8 94. Ke6 1/2-1/2

[Event "*** Titled Tuesday 3|2 Blitz"]
[Site "Chess.com"]
[Date "2015.11.03"]
[Round "5"]
[White "AndroQueen"]
[Black "HansCoolNiemann"]
[Result "1/2-1/2"]
[WhiteElo "2244"]
[BlackElo "2152"]
[TimeControl "180+2"]
[EndTime "12:08:47 PST"]
[Termination "Game drawn by 50-move rule"]

1. d4 Nf6 2. c4 g6 3. Nc3 d5 4. Nf3 Bg7 5. Qb3 dxc4 6. Qxc4 O-O 7. e4 a6 8. Be2 b5 9. Qb3 c5 10. dxc5 Be6 11. Qc2 Nbd7 12. Be3 Rc8 13. Rd1 b4 14.
Nd5 Bxd5 15. exd5 Nxc5 16. O-O Nce4 17. Qd3 Qd6 18. g3 Rfd8 19. Qxa6 Nxd5 20. Qxd6 Rxd6 21. Bd4 Bxd4 22. Rxd4 Nef6 23. Bc4 e6 24. Rfd1 Rdc6 25. Bb3 Rc1 26. Ne5 Rxd1+ 27. Rxd1 Kf8 28. Kg2 Ke7 29. Rd4 Rc1 30. Nd3 Rb1 31. Nxb4 Rxb2 32. Nxd5+ exd5 33. Kf3 Kd6 34. Ke3 h5 35. h3 Ke5 36. Ra4 Rb1 37. Ra7 Ke6 38. Ra6+ Ke7 39. Kd4 Rf1 40. Ra7+ Ke6 41. Ra6+ Ke7 42. Ke3 Re1+ 43. Kd2 Rh1 44. a4 Rh2 45. Ke3 Rxh3 46. a5 Rh2 47. Ra7+ Ke6 48. a6 Ng4+ 49. Kd4 Rxf2 50. Bxd5+ Kd6 51.
Bxf7 Ne5 52. Be8 Rf8 53. Bb5 Rb8 54. Rb7 Rd8 55. Ke4 g5 56. a7 Ra8 57. Ba4 Nc4 58.
Rd7+ Kc5 59. Rc7+ Kb4 60. Bc6 Rd8 61. a8=R Rd1 62. Rb8+ Kc3 63. Bd5 Rd4+ 64. Kf3 Rxd5 65. Rbc8 Rd4 66. Rc5 h4 67. Rxg5 Rd3+ 68. Kf2 hxg3+ 69.
Kg2 Kb4 70. Rg4 Rc3 71. Rb8+ Ka3 72. Rxg3 Rxg3+ 73. Kxg3 Na5 74. Kf4 Nb3 75. Ke3 Kb2 76.
Kd3 Ka3 77. Kc3 Na5 78. Rb5 Ka4 79. Rf5 Nb7 80. Rd5 Na5 81. Re5 Nc6 82. Rc5 Na5 83. Rh5 Nc6 84. Kc4 Na5+ 85. Kd4 Nb3+ 86. Kc3 Na5 87.
Rg5 Nc6 88. Kc4 Na5+ 89. Kc5 Nb3+ 90. Kb6 Kb4 91. Rg4+ Kc3 92. Kb5 Nd4+ 93. Kc5 Ne6+ 94. Kd5 Nc7+ 95. Ke4 Nb5 96. Rg8 Nd6+ 97. Kd5 Nf5 98.
Ke5 Ne7 99. Rg4 Kd3 100. Rd4+ Ke3 101. Re4+ Kf3 102. Ra4 Ng6+ 103. Kf5 Ne7+ 104. Kg5 Nd5 105. Rd4 Ne3 106. Rd8 Ke4 107. Re8+ Kf3 108. Re5 Nc4 109. Rc5 Ne3 110. Rb5 Ke4 111. Rb4+ Kf3 112. Rf4+ Kg3 113. Rf7 Ng4 114. Rf4 Ne3 115. Re4 Kf3 116. Rf4+ Kg3 117. Rf8 Ng4 118. Ra8 Ne3 119. Kf6 Kf4 120. Ra4+ Kf3 121. Ke5 Ng4+ 122. Kd4 Kf4 123. Ra1 Kf3 124. Rf1+ Kg3 125. Ke4 Nf2+ 126. Ke3 Ng4+ 127. Ke2 Ne5 128. Rg1+ Kf4 1/2-1/2

[Event "*** Titled Tuesday 3|2 Blitz"]
[Site "Chess.com"]
[Date "2015.11.03"]
[Round "6"]
[White "E-Shaposhnikov"]
[Black "SerGo055"]
[Result "1-0"]
[WhiteElo "2565"]
[BlackElo "2392"]
[TimeControl "180+2"]
[EndTime "12:12:59 PST"]
[Termination "E-Shaposhnikov won by resignation"]

1. Nf3 Nf6 2. c4 c6 3. d4 d5 4.
e3 e6 5. Nbd2 Nbd7 6. b3 Be7 7.
Bb2 O-O 8. Bd3 b6 9. O-O Bb7 10. Qe2 c5 11. Ne5 Rc8 12. f4 Ne4 13. cxd5 exd5 14.
Nxe4 dxe4 15. Bc4 cxd4 16. Bxd4 Nxe5 17. Bxe5 Bd5 18. Rad1 Bxc4 19. Qg4 f6 20. Rxd8 Rfxd8 21. bxc4 fxe5 22. Qe6+ Kf8 23. fxe5+ Ke8 24. Qf7+ Kd7 25. Rd1+ Kc6 26. Qe6+ 1-0

[Event "*** Titled Tuesday 3|2 Blitz"]
[Site "Chess.com"]
[Date "2015.11.03"]
[Round "6"]
[White "GeorgMeier"]
[Black "Viaje"]
[Result "1-0"]
[WhiteElo "2613"]
[BlackElo "2253"]
[TimeControl "180+2"]
[EndTime "12:13:16 PST"]
[Termination "GeorgMeier won by resignation"]

1. Nf3 c5 2. c4 Nc6 3. Nc3 e5 4. e3 Nf6 5. d4 e4 6. Ne5 h5 7. Be2 Bd6 8. Nxc6 dxc6 9. dxc5 Bxc5 10. Qxd8+ Kxd8 11. b3 Ke7 12. Bb2 Bf5 13. O-O-O Rhd8 14. h3 h4 15. Kc2 Ke6 16. a3 Be7 17. b4 a5 18. c5 axb4 19. axb4 b6 20. Bc4+ Nd5 21. b5 cxb5 22. Bxd5+ Rxd5 23. Nxd5 1-0

[Event "*** Titled Tuesday 3|2 Blitz"]
[Site "Chess.com"]
[Date "2015.11.03"]
[Round "6"]
[White "Mugzyyy"]
[Black "Iball95"]
[Result "1-0"]
[WhiteElo "2492"]
[BlackElo "2362"]
[TimeControl "180+2"]
[EndTime "12:13:53 PST"]
[Termination "Mugzyyy won by checkmate"]

1. d4 Nf6 2. c4 e6 3. Nc3 Bb4 4.
Nf3 O-O 5. Bg5 h6 6. Bh4 g5 7. Bg3 Ne4 8. Qc2 f5 9. e3 b6 10. Bd3 Bb7 11. O-O-O Bxc3 12. bxc3 d6 13. d5 exd5 14.
Nd4 Qe7 15. f3 dxc4 16. Bxc4+ d5 17. Bd3 Qa3+ 18. Kb1 Nxc3+ 19. Ka1 Nxd1 20. Rxd1 c5 21. Nxf5 c4 22. Nxh6+ Kg7 23. Bh7 Qe7 24. Qg6+ Kh8 25.
Nf7+ Rxf7 26. Qg8# 1-0

[Event "*** Titled Tuesday 3|2 Blitz"]
[Site "Chess.com"]
[Date "2015.11.03"]
[Round "6"]
[White "GGuseinov"]
[Black "spectralsoul"]
[Result "0-1"]
[WhiteElo "2518"]
[BlackElo "2487"]
[TimeControl "180+2"]
[EndTime "12:14:07 PST"]
[Termination "spectralsoul won by resignation"]

1. e4 d6 2. d4 Nf6 3. Nc3 g6 4. Nf3 Bg7 5. Be2 O-O 6. O-O c6 7. a4 Qc7 8. Be3 Nbd7 9. Nd2 b6 10. f4 e5 11. dxe5 dxe5 12. Nc4 Ba6 13. f5 Rad8 14. Qe1 Nc5 15. a5 Bxc4 16. Bxc4 Ncxe4 17. Nxe4 Nxe4 18. axb6 axb6 19. Qh4 Nd2 20. Bxd2 Rxd2 21. fxg6 hxg6 22. Rxf7 Rxf7 23. Ra8+ Bf8 24. Qf6 Rd1+ 25. Kf2 Rd5 0-1

[Event "*** Titled Tuesday 3|2 Blitz"]
[Site "Chess.com"]
[Date "2015.11.03"]
[Round "6"]
[White "1random"]
[Black "stefanodinn"]
[Result "1-0"]
[WhiteElo "1943"]
[BlackElo "2134"]
[TimeControl "180+2"]
[EndTime "12:14:13 PST"]
[Termination "1random won by resignation"]

1. e4 c5 2. Nf3 d6 3. d4 cxd4 4. Nxd4 Nf6 5. Nc3 a6 6. Bg5 e6 7. f4 h6 8. Bh4 Qb6 9. Qd2 Qxb2 10. Rb1 Qa3 11. e5 dxe5 12. fxe5 Nfd7 13. Ne4 Nc6 14. Nxc6 bxc6 15. Be2 Qxa2 16. O-O Qd5 17. Qf4 Bc5+ 18. Kh1 O-O 19. Nf6+ Nxf6 20. Bxf6 Re8 21. Bxg7 1-0

[Event "*** Titled Tuesday 3|2 Blitz"]
[Site "Chess.com"]
[Date "2015.11.03"]
[Round "6"]
[White "Malev212"]
[Black "Lupul_Cenusiu"]
[Result "1-0"]
[WhiteElo "2242"]
[BlackElo "2395"]
[TimeControl "180+2"]
[EndTime "12:14:44 PST"]
[Termination "Malev212 won by checkmate"]

1. d4 Nf6 2. c4 g6 3. Nc3 Bg7 4. e4 O-O 5. Be2 d6 6. Nf3 c5 7. d5 Nbd7 8. h3 a6 9. a4 Rb8 10. O-O Ne8 11. Bg5 Nc7 12. Qd2 b6 13. Rfe1 Bb7 14. Bf1 Re8 15. Rad1 Qc8 16. Bh6 Bh8 17. Nh2 Ba8 18. f4 b5 19. axb5 axb5 20. cxb5 Bb7 21.
Nf3 Nb6 22. Kh1 Qd7 23. f5 c4 24. Nd4 Bxd4 25. Qxd4 f6 26. Qxb6 Bxd5 27. Qf2 Bf7 28. fxg6 hxg6 29. e5 fxe5 30. Rxe5 Nxb5 31. Rxb5 Rxb5 32.
Qxf7+ Kxf7 33. Bxc4+ e6 34. Bxb5 Qb7 35. Rf1+ Kg8 36.
Bxe8 Qxb2 37. Ne4 d5 38. Ng5 Qe2 39. Rf8# 1-0

[Event "*** Titled Tuesday 3|2 Blitz"]
[Site "Chess.com"]
[Date "2015.11.03"]
[Round "6"]
[White "darsen_sanzhaev"]
[Black "jcgs1030"]
[Result "1-0"]
[WhiteElo "2246"]
[BlackElo "2066"]
[TimeControl "180+2"]
[EndTime "12:14:47 PST"]
[Termination "darsen_sanzhaev won by resignation"]

1. d4 c5 2. d5 e5 3. Nc3 d6 4. e4 Nf6 5. Be2 Be7 6. Nf3 Nbd7 7. O-O Nf8 8. Re1 Ng6 9. Nd2 h5 10. Nc4 h4 11. Be3 b6 12. a4 Rb8 13. Rb1 a6 14. b4 b5 15. Na5 Bd7 16. bxc5 Qxa5 17. c6 Bc8 18. axb5 axb5 19. Nxb5 O-O 20. f3 Ne8 21. c4 Bd8 22. Ra1 Qb4 23. Ra4 Qb2 24. Bc1 Qb1 25. Bd3 Rxb5 26. cxb5 Bb6+ 27. Kh1 1-0

[Event "*** Titled Tuesday 3|2 Blitz"]
[Site "Chess.com"]
[Date "2015.11.03"]
[Round "6"]
[White "TomsKantans"]
[Black "Sadovsky_Artem"]
[Result "1-0"]
[WhiteElo "2340"]
[BlackElo "2431"]
[TimeControl "180+2"]
[EndTime "12:14:50 PST"]
[Termination "TomsKantans won on time"]

1. e4 g6 2. d4 Bg7 3. Nc3 d6 4. f4 a6 5. Nf3 b5 6. Bd3 Bb7 7. O-O c5 8. dxc5 dxc5 9. e5 Nc6 10.
Be3 c4 11. Be4 Nh6 12. Nd5 O-O 13. Bb6 Qd7 14. Nf6+ exf6 15. Qxd7 Rab8 16. Bxc6 Bc8 17. Qa7 Bf5 18. exf6 Bxf6 19. Bd4 Bxd4+ 20. Nxd4 1-0

[Event "*** Titled Tuesday 3|2 Blitz"]
[Site "Chess.com"]
[Date "2015.11.03"]
[Round "6"]
[White "kleinebeer98"]
[Black "AnastasiaProtopopova"]
[Result "1-0"]
[WhiteElo "2212"]
[BlackElo "1785"]
[TimeControl "180+2"]
[EndTime "12:15:25 PST"]
[Termination "kleinebeer98 won by resignation"]

1. e4 e5 2. Bc4 Nf6 3. d3 Nc6 4.
Nc3 Bb4 5. Ne2 d5 6. exd5 Nxd5 7. O-O Nb6 8. Bb5 O-O 9. Bxc6 bxc6 10. f4 Bc5+ 11. Kh1 exf4 12. Bxf4 Nd5 13. Ne4 Bb6 14. Qe1 Bg4 15. N2g3 Re8 16. Qd2 f5 17. Nc3 h6 18.
h3 g5 19. hxg4 Nxf4 20. Nxf5 Re2 21. Nxe2 1-0

[Event "*** Titled Tuesday 3|2 Blitz"]
[Site "Chess.com"]
[Date "2015.11.03"]
[Round "6"]
[White "cassoulet"]
[Black "Rickstereo"]
[Result "1-0"]
[WhiteElo "2257"]
[BlackElo "2083"]
[TimeControl "180+2"]
[EndTime "12:15:29 PST"]
[Termination "cassoulet won by resignation"]

1. e4 e6 2. d4 d5 3. Nc3 Nf6 4. e5 Nfd7 5. f4 c5 6. Nf3 Nc6 7. Be3 Qb6 8. Na4 Qa5+ 9. c3 cxd4 10. b4 Qd8 11. Nxd4 Be7 12. Bd3 Nxd4 13. Bxd4 O-O 14.
O-O f5 15. Qf3 Qe8 16. c4 dxc4 17. Bxc4 Nxe5 18. Bxe5 Qxa4 19. a3 Qc6 20. Qxc6 bxc6 21. Rac1 a5 22. b5 cxb5 23. Bxb5 Bxa3 24. Rc7 Rf7 25. Rd1 Rxc7 26. Rd8+ Kf7 27. Bxc7 Bb4 28. Bc6 Bc5+ 29. Kh1 Ra6 30. Be8+ Ke7 31. Rxc8 a4 32. Bb5 Ra7 33. Be5 a3 34. Rxc5 1-0

[Event "*** Titled Tuesday 3|2 Blitz"]
[Site "Chess.com"]
[Date "2015.11.03"]
[Round "6"]
[White "eltenedor"]
[Black "saraswathii"]
[Result "1-0"]
[WhiteElo "1968"]
[BlackElo "1904"]
[TimeControl "180+2"]
[EndTime "12:15:48 PST"]
[Termination "eltenedor won on time"]

1. c4 e5 2. g3 Nc6 3. Bg2 Nf6 4. Nc3 Bc5 5. a3 a5 6. e3 d6 7.
Nge2 Bg4 8. h3 Bh5 9. g4 Bg6 10. d4 Bb6 11. f4 exf4 12. exf4 h6 13. f5 Bh7 14. Be3 O-O 15. O-O Re8 16. Bf2 Qd7 17. Qd2 Re7 18. Rad1 Rae8 19. Nf4 1-0

[Event "*** Titled Tuesday 3|2 Blitz"]
[Site "Chess.com"]
[Date "2015.11.03"]
[Round "6"]
[White "ZEN-22"]
[Black "Badouuu"]
[Result "1-0"]
[WhiteElo "2160"]
[BlackElo "1921"]
[TimeControl "180+2"]
[EndTime "12:15:50 PST"]
[Termination "ZEN-22 won by resignation"]

1. e3 c5 2. Ne2 d5 3. d4 Bf5 4. dxc5 e5 5. Ng3 Bg6 6. e4 d4 7. f4 exf4 8. Bxf4 Bxc5 9. Bxb8 Rxb8 10. Bb5+ Kf8 11. Bd3 Nf6 12. O-O Qb6 13. Nd2 Bd6 14.
Nc4 Qc7 15. Nxd6 Qxd6 16. Nf5 Bxf5 17. Rxf5 Nd7 18. Qf3 Ne5 19. Qf4 Re8 20. Rf1 f6 21. g4 Ke7 22. g5 Rhg8 23. gxf6+ gxf6+ 24. Kh1 Rg6 25. Qh4 h6 26. Be2 Rf8 27. Bh5 Rg5 28. Be2 Rxf5 29. Rxf5 Qb4 30. b3 Qa5 31. a4 Qc5 32. Bc4 Qd6 33. Bd5 Rc8 34. Qxh6 Rxc2 35.
Qg7+ Kd8 36. Rxf6 Rc1+ 37. Kg2 Qd7 38. Rf8+ Kc7 39. Qxe5+ Kb6 40. Qxd4+ Ka5 41. b4+ Kxa4 42. Bb3+ 1-0

[Event "*** Titled Tuesday 3|2 Blitz"]
[Site "Chess.com"]
[Date "2015.11.03"]
[Round "6"]
[White "bugsbunny444"]
[Black "AndrewMcStone"]
[Result "1-0"]
[WhiteElo "2333"]
[BlackElo "1991"]
[TimeControl "180+2"]
[EndTime "12:15:57 PST"]
[Termination "bugsbunny444 won by resignation"]

1. Nf3 e6 2. c4 f5 3. g3 Nf6 4. Bg2 Be7 5. O-O O-O 6. d4 d6 7.
b4 a5 8. b5 Ne4 9. a4 Bf6 10. Bb2 c6 11. Qb3 c5 12. Rd1 Nd7 13.
e3 Qe8 14. Nc3 Qh5 15. Rac1 g5 16. Nxe4 fxe4 17. Nd2 Bg7 18. Nxe4 Qf7 19. Rd2 Qe7 20. dxc5 Nxc5 21. Nxc5 dxc5 22. Bxg7 Qxg7 23. Rcd1 Ra7 24. b6 Ra8 25. Qb5 e5 26. Qxc5 Qf7 27. Qxe5 1-0

[Event "*** Titled Tuesday 3|2 Blitz"]
[Site "Chess.com"]
[Date "2015.11.03"]
[Round "6"]
[White "FrankieJay"]
[Black "sorito"]
[Result "0-1"]
[WhiteElo "2159"]
[BlackElo "2106"]
[TimeControl "180+2"]
[EndTime "12:16:11 PST"]
[Termination "sorito won by checkmate"]

1. e4 d6 2. d4 Nf6 3. Nc3 c6 4. Be3 Qb6 5. Rb1 Ng4 6. Bg5 e5 7. h3 exd4 8. hxg4 dxc3 9. bxc3 Qa5 10. Qd2 Nd7 11. Bf4 Ne5 12. g5 Qxa2 13. Rd1 Be6 14. Nf3 Qa5 15. Nd4 Be7 16. Nxe6 fxe6 17. c4 Qxd2+ 18.
Rxd2 O-O 19. Bxe5 dxe5 20. Rd7 Bb4+ 21. Ke2 Rad8 22. Rxb7 a5 23. c3 Bxc3 24. Rb3 Bb4 25. Rf3 Rd2+ 26. Ke3 Rfd8 27. Rfh3 Bc5+ 28. Kf3 Rxf2+ 29.
Kg4 Rf4+ 30. Kh5 g6+ 31. Kh6 Bf8# 0-1